 Dungeon Crawl Stone Soup version 0.28.0-45-g0d030f2227 (webtiles) character file.

Game seed: 14449182613703688072

2 zeratav the Insei (level 1, -3/13 HPs)
             Began as an Octopode Transmuter on Apr 13, 2022.
             Slain by a gnoll
             ... wielding a +0 spear
              (9 damage)
             ... on level 1 of the Dungeon.
             The game lasted 00:00:11 (53 turns).

zeratav the Insei (Octopode Transmuter)               Turns: 53, Time: 00:00:12

Health: -3/13      AC:  1    Str:  9    XL:     1   Next: 30%
Magic:  2/3        EV: 13    Int: 15    God:
Gold:   0          SH:  0    Dex: 12    Spells: 3/4 levels left

rFire   . . .      SeeInvis .     - Unarmed
rCold   . . .      Faith    .   (no shield)
rNeg    . . .      Spirit   .   (helmet currently unavailable)
rPois   .          Reflect  .   (no amulet)
rElec   .          Harm     .   (no ring)
rCorr   .          Rampage  .   (no ring)
Will    .....                   (no ring)
Stlth   ++........              (no ring)
HPRegen 0.04/turn               (no ring)
MPRegen 0.08/turn               (no ring)
                                (no ring)
                                (no ring)

@: appendages
A: tentacle spike 3, almost no armour, amphibious, 8 rings, camouflage 1,
gelatinous body 1, (nimble swimmer 1), tentacles
a: End Transformation


You were on level 1 of the Dungeon.
One of your tentacles had grown a beastly spike.
You visited 1 branch of the dungeon, and saw 1 of its levels.


Innate Abilities, Weirdness & Mutations

One of your tentacles has grown a beastly spike.
You cannot wear most types of armour.
You are amphibious.
You can wear up to eight rings at the same time.
Your skin changes colour to match your surroundings (Stealth+).
Your rubbery body absorbs attacks. (AC +1, EV +1)
((You are camouflaged when in or above water. (Stealth+)))
You have tentacles for arms and can constrict up to eight enemies at once.


   Skills:
 + Level 1.0 Fighting
 + Level 2.0 Dodging
 + Level 0.2 Stealth
 * Level 3.0 Unarmed Combat
 - Level 2.0 Spellcasting
 - Level 2.0 Transmutations


You had 3 spell levels left.
You knew the following spells:

 Your Spells              Type           Power      Damage    Failure   Level
a - Beastly Appendage     Tmut           14%        N/A       10%         1

Your spell library contained the following spells:

 Spells                   Type           Power      Damage    Failure   Level
 Wereblood                Tmut           7%         N/A       14%         2
 Spider Form              Tmut/Pois      4%         N/A       41%         3
 Ice Form                 Ice/Tmut       4%         N/A       82%         4

You aren't carrying anything.

Dungeon Overview and Level Annotations

Branches:
Dungeon (1/15)

Altars:

:.. .... .... ... ....
####.. .....#....#
...#....##### .....
................
#g.>.......... #.@..###
#.. #....##.###.#
#....##.....#
#..####.#.#.### #
#..##.........# .#
#.###.#.#.#.#.###.#
##.......#.#........
#..#.#.###.###.#.###
.........#......<......#


You could see a gnoll.


Message History

🤖 Initializing magus.rc ... ✅ Successfully initialized magus.rc [v1.9.6] Welcome, zeratav the Octopode Transmuter.
It is said that the Orb of Zot exists deep within this dungeon.
Press ? for a list of commands and other information.
Found a staircase leading out of the dungeon.
You see here 18 bolts.
Found a stone staircase leading down.
One of your tentacles grows a vicious spike.
MP[-1]
You lost 1 mp, and now have 2/3 mp.
No target in view!
Your transformation is almost over.
A goblin comes into view. It is wielding a +0 dagger.
The goblin shouts!
MP[+1]
Your mp is fully restored (3).
Your tentacle spike disappears.
A bat comes into view.
A gnoll comes into view. It is wielding a +0 spear.
The goblin hits you with a +0 dagger.
HP[-2]
You take 2 damage, and now have 11/13 hp.
The gnoll shouts!
You tentacle-slap the goblin but do no damage.
Your grab misses the goblin. You squeeze the goblin.
You kill the goblin!
HP[+1]
The bat hits you but does no damage. The bat hits you.
HP[-1]
You take 1 damage, and now have 11/13 hp.
You tentacle-slap the bat but do no damage.
You grab the bat. You squeeze the bat.
You kill the bat!
The gnoll hits you with a +0 spear.
* * * LOW HITPOINT WARNING * * *
Things that are here:
a +0 dagger {short}; a goblin corpse You are too injured to fight recklessly!
HP[-5]
You take 5 damage, and now have 6/13 hp.
MASSIVE DAMAGE!! (PAUSE)
You are too injured to fight recklessly!
You are too injured to fight recklessly!
You are too injured to fight recklessly!
You are too injured to fight recklessly!
Casting: Beastly Appendage (safe; 10% risk of failure)
Confirm with . or Enter, or press ? or * to list all spells.
One of your tentacles grows a vicious spike.
The gnoll hits you with a +0 spear!
Ouch! That really hurt!
You die...

Action                   || total
-------------------------++-------
Melee: Unarmed           ||     2
       Tentacles         ||     2
       Constrict         ||     1
 Cast: Beastly Appendage ||     2
Armor: Skin              ||     1

Levels and vault maps discovered:
D:1:      roderic_chinese_lattice_arrival, layout_rooms,
          shapermc_ecumenical_altar_pompeii, chequers_serial_rivers_small_3

Notes
Turn   | Place    | Note
-------+----------+-------------------------------------------
     0 | D:1      | zeratav the Octopode Transmuter began the quest for the
                  | Orb.
     0 | D:1      | Reached XP level 1. HP: 13/13 MP: 3/3
     0 | D:1      | magus.rc [v1.9.6]
    53 | D:1      | Slain by a gnoll

Vanquished Creatures
  A goblin (D:1)
  A bat (D:1)
2 creatures vanquished.

Table legend:
 A = Non-vault XP
 B = Vault XP
 C = Vault XP percentage of total XP
 D = Non-vault monster count
 E = Vault monster count
 F = Vault count percentage of total count
                 A         B        C        D         E       F
            +---------+---------+-------+---------+---------+-------
      Total |       3 |       0 |   0.0 |       2 |       0 |   0.0
            +---------+---------+-------+---------+---------+-------
        D:1 |       3 |       0 |   0.0 |       2 |       0 |   0.0
            +---------+---------+-------+---------+---------+-------

Illustrated notes

Table legend:
 A = Kills in this place as a percentage of kills in entire the game.
 B = Kills by you in this place as a percentage of kills by you in the entire game.
 C = Kills by friends in this place as a percentage of kills by friends in the entire game.
 D = Other kills in this place as a percentage of other kills in the entire game.
 E = Experience gained in this place as a percentage of experience gained in the entire game.
 F = Experience gained in this place divided by the number of levels of this place that you have seen.
                   A       B       C       D       E      F
               +-------+-------+-------+-------+-------+----------------------
         Total | 100.0 | 100.0 |   N/A |   N/A | 100.0 |   3.0
       Dungeon | 100.0 | 100.0 |   N/A |   N/A | 100.0 |   3.0
               +-------+-------+-------+-------+-------+----------------------

Table legend: (Time is in decaauts)
 A = Elapsed time spent in this place.
 B = Non-inter-level travel time spent in this place.
 C = Inter-level travel time spent in this place.
 D = Time resting spent in this place.
 E = Time spent auto-exploring this place.
 F = Levels seen in this place.
 G = Mean time per level.
                   A        B        C        D        E       F      G
               +--------+--------+--------+--------+--------+-----+--------+
         Total |     52 |     52 |      0 |      0 |     43 |   1 |   52.0 |
       Dungeon |     52 |     52 |      0 |      0 |     43 |   1 |   52.0 |
               +--------+--------+--------+--------+--------+-----+--------+

Top non-repeatable levels by time:
     D:1: 52 daAuts
